 Dungeon Crawl Stone Soup version 0.19-a0-1007-g133f65f (webtiles) character file.

368 Charly the Insei (level 7, -18/46 HPs)
             Began as a Human Necromancer on July 19, 2016.
             Killed by miscasting Regeneration (26 damage)
             ... in an ossuary.
             The game lasted 00:15:12 (1129 turns).

Charly the Insei (Human Necromancer)                Turns: 1129, Time: 00:15:29

Health: -18/46     AC:  4    Str:  8    XL:     7   Next: 1%
Magic:  0/10       EV: 12    Int: 16    God:
Gold:   18         SH:  0    Dex: 15    Spells: 2 memorised, 6 levels left

rFire  . . .     SeeInvis .     f - +0 whip (venom)
rCold  . . .     Gourm    .     n - +1 robe {rN+}
rNeg   + + .     Faith    .     (no shield)
rPois  .         Spirit   .     (no helmet)
rElec  .         Dismiss  .     j - +0 cloak
rCorr  .         Reflect  .     (no gloves)
SustAt .         Harm     .     (no boots)
MR     .....                    (no amulet)
Stlth  ++........               (no ring)
                                k - ring of positive energy

@: lethally poisoned (-18 -> -22), very slightly contaminated, not resistant to
hostile enchantments, unstealthy
A: no striking features
a: no special abilities


You were in an ossuary.
You were not hungry.

You visited 1 branch of the dungeon, and saw 5 of its levels.
You also visited: Ossuary.

You collected 102 gold pieces.
You spent 84 gold pieces at shops.

Inventory:

Hand Weapons
 f - a +0 whip of venom (weapon)
Missiles
 m - 14 poisoned needles
Armour
 j - a +0 cloak (worn)
 n - a +1 robe of positive energy (worn)
Jewellery
 k - a ring of positive energy (left hand)
Scrolls
 e - a scroll of enchant weapon {unknown}
 l - a scroll of remove curse {unknown}
 r - a scroll of identify {unknown}
Potions
 d - a potion of berserk rage {unknown}
 h - 2 potions of haste {unknown}
 o - a potion of cure mutation {unknown}
 p - a potion of degeneration {unknown}
 q - 2 potions of lignification
Books
 b - a book of Necromancy

   Spells                             Type                      Level
   a - Pain                           Necromancy                   1
   b - Animate Skeleton               Necromancy                   1
   c - Vampiric Draining              Necromancy                   3
   d - Regeneration                   Charms/Necromancy            3
   e - Animate Dead                   Necromancy                   4
   f - Control Undead                 Necromancy                   4
Comestibles
 i - 2 meat rations


   Skills:
 - Level 2.0 Dodging
 - Level 2.0 Stealth
 + Level 6.5 Unarmed Combat
 - Level 2.0 Spellcasting
 - Level 4.0 Necromancy


You had 6 spell levels left.
You knew the following spells:

 Your Spells              Type           Power        Failure   Level  Hunger
p - Pain                  Necr           ##..         4%          1    #......
r - Regeneration          Chrm/Necr      #.........   28%         3    ###....


Dungeon Overview and Level Annotations

Branches:
Dungeon (5/15)
 Temple: D:4-7

Altars:
Qazlal
Sif Muna

Shops:
D:4 !


Message History

The scorpion is lightly wounded.
The scorpion stings you but does no damage.
The human zombie hits you. The scorpion stings you!
* * * LOW HITPOINT WARNING * * *
You are poisoned.
The scorpion poisons you!
You feel sick.
You feel sick.
You feel sick.
There is an open door here.
You feel sick.
There is an open door here.
You feel sick.
Casting: Regeneration
Confirm with . or Enter, or press ? or * to list all spells.
You miscast Regeneration.
You are very lightly contaminated with residual magic.
You convulse helplessly as pain tears through your body!
Ouch! That really hurt!
You die...

##8.....8###!..#...8...#
...........#!M?#...†...#
...........######8...8##
.....8.....#...#.......#
.....#.....'...#...8...#
....Z#.....#Z..#...#...#
#+## ########'#######'##
#..s#...#...#
#..@8...†...#
#.......#...#
##8...8######
#.......#!?!#
#...8...#!..#
#...#...#!="#
##########'## ..


You could see a mummy, a scorpion and a human zombie.

Vanquished Creatures
  4 scorpions (Ossuary)
  A centaur zombie (Ossuary)
  A human zombie (Ossuary)
  An iguana (D:4)
  A big kobold zombie (Ossuary)
  3 adders
  3 giant geckos
  An orc (D:4)
  3 giant cockroaches
  A goblin (D:2)
  3 hobgoblins
  4 jackals (D:4)
  A quokka (D:2)
  3 kobolds
  3 orc zombies
33 creatures vanquished.

Vanquished Creatures (others)
  A mummy (Ossuary)
1 creature vanquished.

Grand Total: 34 creatures vanquished

Notes
Turn   | Place    | Note
-------+----------+-------------------------------------------
     0 | D:1      | Charly the Human Necromancer began the quest for the Orb.
     0 | D:1      | Reached XP level 1. HP: 13/13 MP: 3/3
    83 | D:2      | Reached skill level 1 in Unarmed Combat
   150 | D:2      | Found a stormy altar of Qazlal.
   175 | D:2      | Reached XP level 2. HP: 1/19 MP: 0/5
   260 | D:2      | Reached skill level 2 in Unarmed Combat
   397 | D:3      | Reached XP level 3. HP: 12/24 MP: 4/6
   402 | D:3      | Learned a level 3 spell: Regeneration
   485 | D:3      | Reached skill level 3 in Unarmed Combat
   723 | D:5      | Entered Level 5 of the Dungeon
   736 | D:4      | Reached XP level 4. HP: 27/30 MP: 7/7
   747 | D:4      | Found a deep blue altar of Sif Muna.
   762 | D:4      | Found Huameb's Distillery.
   795 | D:4      | Bought a potion of lignification for 42 gold pieces
   795 | D:4      | Bought a potion of lignification for 42 gold pieces
   856 | D:4      | Found a sand-covered staircase.
   886 | Ossuary  | Entered an ossuary
   901 | Ossuary  | Reached skill level 4 in Unarmed Combat
   901 | Ossuary  | Reached XP level 5. HP: 24/35 MP: 1/8
   939 | Ossuary  | Reached skill level 5 in Unarmed Combat
   944 | Ossuary  | Reached XP level 6. HP: 14/41 MP: 2/9
  1087 | Ossuary  | Reached skill level 6 in Unarmed Combat
  1113 | Ossuary  | Reached XP level 7. HP: 28/46 MP: 2/10
  1129 | Ossuary  | Killed by miscasting Regeneration

Vault maps used:
D:1:      scummos_arrival_star, minmay_hexomino_u4
D:2:      nicolae_qazlal_general_emergency, nicolae_overflow_hidden_temple
D:4:      led_sif_book, nicolae_ossuary_entry_giza, serial_shops,
          nicolae_shop_statue_plus, minivault_4
D:5:      yredelemnul_altar_generic, first_bread, tgw_kikubaaqudgha,
          uniq_sigmund, uniq_pikel
Ossuary:  ossuary_minmay_scorpions

Skill      XL: |  1  2  3  4  5  6 |
---------------+-------------------+-----
Unarmed Combat | 1 2 3 4 5 6 |  6.5
Dodging        | |  2.0
Stealth        | |  2.0
Spellcasting   | |  2.0
Necromancy     | |  4.0

Action                   |  1- 3 |  4- 6 |  7- 9 || total
-------------------------+-------+-------+-------++-------
Melee: Whip              |    15 |    24 |     2 ||    41
       Unarmed           |     1 |    61 |     2 ||    64
       Punch             |       |     2 |       ||     2
Throw: Throwing net      |     3 |     1 |       ||     4
 Cast: Pain              |    34 |     2 |       ||    36
       Regeneration      |     1 |     9 |       ||    10
 Stab: Sleeping          |       |     1 |       ||     1
  Eat: Chunk             |       |     1 |       ||     1
       Bread ration      |       |     1 |       ||     1
Armor: Robe              |     5 |    12 |     1 ||    18
Dodge: Dodged            |    21 |    33 |     1 ||    55
